General information
- name: BNet
- type: Ladder team game (AT/RT)
- host: Battle.net
- saver: HumanKingTomVIP
map: MarketSquare
- players: 8
- length: 28:49
- speed: Fast
- version: 1.26 W3XP
- replay type: Public
» download(154 KB)
Players
team 1 (loser)

»
duskynight (
blue | 45 APM | 1287 actions | 28:48)
8 Blademaster
3 Wind Walk
3 Critical Strike
1 Bladestorm
1 Mirror Image
» actions
| Assign group hotkey | 27 | |
| Basic commands | 30 | |
| Build / train | 65 | |
| Enter build submenu | 18 | |
| Enter hero's abilities submenu | 8 | |
| Right click | 595 | |
| Select / deselect | 269 | |
| Select group hotkey | 193 | |
| Use ability | 82 | |
1287 total
» units
| Peon | 9 | |
| Grunt | 6 | |
| Shaman | 8 | |
| Tauren | 15 | |
| Troll Headhunter/Berserker | 5 | |
43 total
» upgrades
| Melee Weapons | 1 | |
| Berserker Strength | 1 | |
| Shaman Training | 2 | |
| Armor | 1 | |
| Pulverize | 1 | |
| Troll Regeneration | 1 | |
7 total
» buildings
| Orc Burrow | 8 | |
| Altar of Storms | 1 | |
| Barracks | 1 | |
| War Mill | 1 | |
| Voodoo Lounge | 1 | |
| Stronghold | 1 | |
| Fortress | 1 | |
| Spirit Lodge | 1 | |
| Tauren Totem | 2 | |
| Great Hall | 1 | |
18 total
» build order
00:11 Orc Burrow
00:17 Altar of Storms
01:06 Barracks
01:33 Orc Burrow
01:48 War Mill
02:31 Voodoo Lounge
03:15 Stronghold
04:02 Orc Burrow
05:02 Orc Burrow
05:46 Fortress
05:51 Spirit Lodge
07:23 Orc Burrow
08:17 Tauren Totem
08:22 Tauren Totem
09:41 Orc Burrow
11:07 Orc Burrow
14:05 Orc Burrow
25:51 Great Hall
» items
| Boots of Speed | 1 | |
| Healing Salve | 1 | |
| Lesser Clarity Potion | 1 | |
| Scroll of Town Portal | 1 | |
4 total

»
Tizoad (
teal | 22 APM | 540 actions | 24:30)
5 Dreadlord
3 Vampiric Aura
2 Sleep
» actions
| Assign group hotkey | 4 | |
| Basic commands | 1 | |
| Build / train | 75 | |
| ESC pressed | 1 | |
| Enter build submenu | 15 | |
| Enter hero's abilities submenu | 5 | |
| Remove unit from queue | 5 | |
| Right click | 212 | |
| Select / deselect | 170 | |
| Select group hotkey | 22 | |
| Use ability | 30 | |
540 total
» units
| Acolyte | 3 | |
| Ghoul | 17 | |
| Crypt Fiend | 21 | |
| Necromancer | 8 | |
| Obsidian Statue | 7 | |
56 total
» upgrades
| Web | 1 | |
| Skeletal Mastery | 1 | |
| Skeletal Longevity | 1 | |
| Necromancer Training | 1 | |
4 total
» buildings
| Ziggurat | 7 | |
| Crypt | 1 | |
| Altar of Darkness | 1 | |
| Graveyard | 1 | |
| Halls of the Dead | 1 | |
| Temple of the Damned | 2 | |
| Slaughterhouse | 1 | |
| Tomb of Relics | 1 | |
| Black Citadel | 1 | |
| Spirit Tower | 1 | |
17 total
» build order
00:13 Ziggurat
00:21 Crypt
01:00 Altar of Darkness
01:04 Ziggurat
01:45 Ziggurat
02:34 Ziggurat
03:08 Graveyard
04:58 Halls of the Dead
07:33 Ziggurat
07:37 Temple of the Damned
07:42 Slaughterhouse
07:47 Temple of the Damned
07:52 Tomb of Relics
07:54 Black Citadel
10:33 Spirit Tower
16:38 Ziggurat
16:43 Ziggurat
» items
d5auto (
green | 40 APM | 1047 actions | 26:18)
6 Paladin
1 Holy Light
1 Divine Shield
3 Devotion Aura
1 Resurrection
2 Archmage
1 Blizzard
1 Summon Water Elemental
» actions
| Build / train | 84 | |
| ESC pressed | 2 | |
| Enter build submenu | 42 | |
| Enter hero's abilities submenu | 8 | |
| Give item / drop item | 4 | |
| Right click | 463 | |
| Select / deselect | 360 | |
| Use ability | 84 | |
1047 total
» units
| Peasant | 18 | |
| Footman | 6 | |
| Rifleman | 4 | |
| Gryphon Rider | 3 | |
| Dragonhawk Rider | 14 | |
45 total
» upgrades
| Long Rifles | 1 | |
| Storm Hammers | 1 | |
| Lumber Harvesting | 1 | |
| Masonry | 1 | |
| Priest Training | 1 | |
| Magic Sentry | 1 | |
| Swords | 3 | |
| Armor | 3 | |
| Cloud | 1 | |
13 total
» buildings
| Farm | 13 | |
| Altar of Kings | 1 | |
| Lumber Mill | 1 | |
| Barracks | 2 | |
| Blacksmith | 1 | |
| Scout Tower | 13 | |
| Arcane Tower | 1 | |
| Keep | 1 | |
| Town Hall | 3 | |
| Arcane Vault | 1 | |
| Castle | 1 | |
| Gryphon Aviary | 3 | |
| Guard Tower | 7 | |
| Arcane Sanctum | 1 | |
49 total
» build order
00:27 Farm
00:41 Altar of Kings
00:57 Lumber Mill
01:07 Farm
01:12 Barracks
01:53 Farm
02:31 Blacksmith
02:39 Scout Tower
03:08 Arcane Tower
03:12 Farm
03:54 Farm
04:08 Keep
04:37 Farm
05:35 Farm
05:42 Town Hall
06:30 Farm
07:00 Barracks
07:36 Farm
07:37 Scout Tower
07:39 Scout Tower
07:52 Scout Tower
07:56 Arcane Vault
08:00 Castle
08:05 Gryphon Aviary
08:08 Gryphon Aviary
08:16 Guard Tower
08:23 Scout Tower
09:01 Scout Tower
09:12 Scout Tower
09:31 Guard Tower
09:43 Guard Tower
09:55 Arcane Sanctum
10:42 Town Hall
11:16 Scout Tower
11:21 Scout Tower
12:28 Guard Tower
12:31 Scout Tower
13:04 Scout Tower
13:12 Guard Tower
13:35 Guard Tower
13:41 Scout Tower
14:00 Gryphon Aviary
15:33 Scout Tower
16:47 Guard Tower
19:50 Farm
20:05 Farm
20:38 Farm
22:35 Farm
23:19 Town Hall
» items
| Scroll of Town Portal | 3 | |
| Potion of Healing | 2 | |
5 total
ILoveWC3 (
orange | 33 APM | 621 actions | 19:05)
4 Shadow Hunter
2 Healing Wave
2 Hex
» actions
| Assign group hotkey | 10 | |
| Basic commands | 34 | |
| Build / train | 63 | |
| Enter build submenu | 27 | |
| Enter hero's abilities submenu | 4 | |
| Right click | 180 | |
| Select / deselect | 212 | |
| Select group hotkey | 42 | |
| Use ability | 49 | |
621 total
» units
| Peon | 38 | |
| Grunt | 4 | |
| Troll Headhunter/Berserker | 6 | |
48 total
» upgrades
| Ranged Weapons | 2 | |
| Berserker Strength | 1 | |
| Troll Regeneration | 2 | |
| Armor | 1 | |
| Melee Weapons | 1 | |
7 total
» buildings
| War Mill | 1 | |
| Orc Burrow | 8 | |
| Watch Tower | 13 | |
| Altar of Storms | 1 | |
| Barracks | 3 | |
| Great Hall | 1 | |
| Stronghold | 1 | |
| Fortress | 1 | |
29 total
» build order
00:09 War Mill
01:01 Orc Burrow
01:28 Watch Tower
01:47 Watch Tower
02:07 Altar of Storms
02:50 Watch Tower
03:15 Watch Tower
03:31 Barracks
03:46 Orc Burrow
04:04 Watch Tower
05:18 Great Hall
05:33 Barracks
05:36 Stronghold
06:06 Barracks
07:14 Orc Burrow
07:16 Orc Burrow
10:09 Orc Burrow
10:10 Orc Burrow
10:15 Orc Burrow
10:16 Orc Burrow
11:08 Watch Tower
12:01 Watch Tower
12:05 Watch Tower
13:47 Watch Tower
13:49 Watch Tower
14:35 Watch Tower
16:28 Watch Tower
16:29 Watch Tower
18:03 Fortress
» items
team 2 (winner)
HumanKingTomVIP (
pink | 77 APM | 2222 actions | 28:49)
10 Goblin Tinker
3 Pocket Factory
3 Engineering Upgrade
3 Cluster Rockets
1 Robo-Goblin
» actions
| Assign group hotkey | 73 | |
| Basic commands | 66 | |
| Build / train | 91 | |
| ESC pressed | 3 | |
| Enter build submenu | 34 | |
| Enter hero's abilities submenu | 10 | |
| Give item / drop item | 3 | |
| Right click | 883 | |
| Select / deselect | 256 | |
| Select group hotkey | 693 | |
| Use ability | 110 | |
2222 total
» units
| Peasant | 21 | |
| Footman | 5 | |
| Gryphon Rider | 6 | |
| Dryad | 11 | |
43 total
» upgrades
| Defend | 1 | |
| Lumber Harvesting | 2 | |
| Swords | 3 | |
| Armor | 3 | |
| Storm Hammers | 1 | |
| Animal War Training | 1 | |
| Magic Sentry | 1 | |
| Well Spring | 1 | |
13 total
» buildings
| Barracks | 1 | |
| Farm | 13 | |
| Altar of Kings | 1 | |
| Scout Tower | 7 | |
| Arcane Tower | 3 | |
| Lumber Mill | 1 | |
| Keep | 3 | |
| Town Hall | 4 | |
| Blacksmith | 1 | |
| Guard Tower | 1 | |
| Arcane Vault | 1 | |
| Castle | 2 | |
| Gryphon Aviary | 3 | |
| Arcane Sanctum | 1 | |
42 total
» build order
00:26 Barracks
00:34 Farm
01:07 Farm
01:09 Altar of Kings
01:26 Farm
02:03 Farm
02:50 Scout Tower
02:53 Farm
03:20 Arcane Tower
03:21 Arcane Tower
03:42 Scout Tower
03:44 Scout Tower
03:47 Lumber Mill
04:13 Arcane Tower
04:23 Keep
04:24 Keep
04:24 Keep
05:12 Town Hall
05:18 Scout Tower
05:18 Scout Tower
05:48 Scout Tower
05:48 Scout Tower
06:26 Blacksmith
06:28 Guard Tower
06:56 Arcane Vault
06:59 Farm
07:00 Farm
08:07 Castle
08:08 Castle
08:42 Gryphon Aviary
08:45 Gryphon Aviary
08:45 Gryphon Aviary
08:47 Farm
08:48 Farm
09:55 Farm
09:56 Farm
14:15 Farm
14:16 Farm
18:10 Arcane Sanctum
19:17 Town Hall
23:49 Town Hall
26:43 Town Hall
» items
| Lesser Clarity Potion | 2 | |
| Healing Salve | 2 | |
| Scroll of Town Portal | 6 | |
| Orb of Corruption | 1 | |
| Boots of Speed | 1 | |
| Dust of Appearance | 1 | |
| Moonstone | 1 | |
14 total
funo (
purple | 66 APM | 1073 actions | 16:15)
3 Death Knight
2 Death Coil
1 Unholy Aura
» actions
| Assign group hotkey | 9 | |
| Basic commands | 6 | |
| Build / train | 35 | |
| Enter build submenu | 18 | |
| Enter hero's abilities submenu | 3 | |
| Right click | 429 | |
| Select / deselect | 161 | |
| Select group hotkey | 391 | |
| Use ability | 21 | |
1073 total
» units
| Acolyte | 7 | |
| Ghoul | 4 | |
| Crypt Fiend | 2 | |
| Frost Wyrm | 6 | |
19 total
» upgrades
| Creature Attack | 3 | |
| Creature Carapace | 2 | |
| Web | 1 | |
| Burrow | 1 | |
| Freezing Breath | 1 | |
8 total
» buildings
| Crypt | 1 | |
| Ziggurat | 7 | |
| Altar of Darkness | 1 | |
| Graveyard | 1 | |
| Halls of the Dead | 1 | |
| Tomb of Relics | 1 | |
| Black Citadel | 1 | |
| Sacrificial Pit | 1 | |
| Boneyard | 2 | |
| Spirit Tower | 2 | |
18 total
» build order
00:10 Crypt
00:17 Ziggurat
00:33 Altar of Darkness
01:07 Graveyard
01:26 Ziggurat
02:34 Halls of the Dead
03:29 Ziggurat
03:57 Tomb of Relics
04:50 Ziggurat
04:55 Black Citadel
05:10 Sacrificial Pit
07:24 Boneyard
07:27 Boneyard
10:00 Ziggurat
11:29 Ziggurat
11:36 Ziggurat
15:00 Spirit Tower
15:32 Spirit Tower
we.all.suck (
red | 63 APM | 1821 actions | 28:48)
9 Blademaster
3 Critical Strike
3 Wind Walk
1 Bladestorm
2 Mirror Image
» actions
| Assign group hotkey | 15 | |
| Basic commands | 2 | |
| Build / train | 79 | |
| Enter build submenu | 16 | |
| Enter hero's abilities submenu | 9 | |
| Give item / drop item | 1 | |
| Right click | 810 | |
| Select / deselect | 254 | |
| Select group hotkey | 563 | |
| Use ability | 72 | |
1821 total
» units
| Peon | 16 | |
| Grunt | 5 | |
| Shaman | 3 | |
| Troll Witch Doctor | 6 | |
| Tauren | 14 | |
| Troll Headhunter/Berserker | 2 | |
46 total
» upgrades
| Witch Doctor Training | 2 | |
| Shaman Training | 2 | |
| Armor | 3 | |
| Pulverize | 1 | |
| Melee Weapons | 1 | |
| Berserker Upgrade | 1 | |
10 total
» buildings
| Altar of Storms | 1 | |
| Orc Burrow | 6 | |
| Barracks | 1 | |
| Voodoo Lounge | 1 | |
| Great Hall | 2 | |
| Stronghold | 1 | |
| War Mill | 1 | |
| Spirit Lodge | 2 | |
| Fortress | 1 | |
| Tauren Totem | 2 | |
18 total
» build order
00:36 Altar of Storms
00:44 Orc Burrow
00:57 Barracks
01:59 Orc Burrow
02:25 Voodoo Lounge
03:23 Orc Burrow
05:46 Great Hall
06:04 Stronghold
06:59 War Mill
09:17 Spirit Lodge
09:18 Fortress
09:23 Spirit Lodge
11:44 Tauren Totem
11:48 Tauren Totem
13:09 Orc Burrow
13:14 Orc Burrow
19:27 Orc Burrow
20:37 Great Hall
» items
| Healing Salve | 2 | |
| Lesser Clarity Potion | 1 | |
| Scroll of Town Portal | 2 | |
| Orb of Lightning | 1 | |
6 total
manhster101 (
yellow | 16 APM | 403 actions | 24:38)
5 Keeper of the Grove
2 Force of Nature
3 Entangling Roots
» actions
| Build / train | 58 | |
| Enter build submenu | 29 | |
| Enter hero's abilities submenu | 4 | |
| Remove unit from queue | 1 | |
| Right click | 88 | |
| Select / deselect | 198 | |
| Use ability | 25 | |
403 total
» units
» upgrades
| Strength of the Wild | 3 | |
| Reinforced Hides | 3 | |
| Abolish Magic | 1 | |
| Strength of the Moon | 3 | |
| Moon Armor | 3 | |
| Corrosive Breath | 1 | |
14 total
» buildings
| Altar of Elders | 1 | |
| Moon Well | 10 | |
| Ancient of War | 2 | |
| Hunter's Hall | 1 | |
| Ancient of Wonders | 1 | |
| Tree of Ages | 1 | |
| Tree of Eternity | 1 | |
| Ancient of Wind | 1 | |
| Ancient of Lore | 3 | |
| Chimaera Roost | 3 | |
24 total
» build order
00:25 Altar of Elders
00:47 Moon Well
01:26 Ancient of War
01:34 Ancient of War
02:19 Moon Well
02:23 Moon Well
02:33 Moon Well
03:03 Hunter's Hall
03:16 Ancient of Wonders
03:33 Moon Well
04:10 Moon Well
04:26 Tree of Ages
05:11 Moon Well
05:55 Moon Well
06:34 Moon Well
06:49 Tree of Eternity
07:09 Ancient of Wind
07:47 Ancient of Lore
07:57 Moon Well
09:05 Ancient of Lore
09:16 Chimaera Roost
09:43 Chimaera Roost
10:22 Ancient of Lore
11:21 Chimaera Roost
Chat log
(00:23 / Allies) funo: plan?
(00:28 / Allies) manhster101: not rush
(00:37 / Allies) funo: k
(00:44 / Allies) funo: techin frosts
(01:00 / Allies) HumanKingTomVIP: lets get all of the expos
(01:00 / Allies) manhster101: im tring chimera
(01:01 / Allies) HumanKingTomVIP: 2 each
(01:11 / Allies) funo: k
(01:18 / Allies) manhster101: ??
(04:59 / Allies) HumanKingTomVIP: lets creep the middle
(05:00 / Allies) manhster101: I cant get units yet, but ill help as soon as possible
(05:07 / Allies) HumanKingTomVIP: we can do iit now
(05:08 / Allies) HumanKingTomVIP: if all come
(05:25 / Allies) manhster101: I can always do archers
(06:46 / Allies) HumanKingTomVIP: now their expios
(06:56 / Allies) funo: thats mine
(07:13 / Allies) we.all.suck: coming
(07:49 / Allies) HumanKingTomVIP: its clear morons
(07:52 / Allies) HumanKingTomVIP: you can stop attacking there
(07:54 / Allies) HumanKingTomVIP: durrr
(09:02 / Allies) funo: wood\
(09:35 / Allies) HumanKingTomVIP: i need wood too
(09:46 / Allies) manhster101: me too
(12:09 / Allies) HumanKingTomVIP: u guys are doing the opposite of getting 2 expos each
(12:20 / Allies) funo: i cant'
(12:22 / Allies) manhster101: i dont know what that is
(12:42 / Allies) funo: can we clear
(12:46 / Allies) HumanKingTomVIP: go to hell you fucking noob
(12:55 / Allies) HumanKingTomVIP: youre at 62 food and you need help expoing?
(13:26 / Allies) funo: true true
(14:02 / Allies) HumanKingTomVIP: man we are fucked
(14:05 / Allies) HumanKingTomVIP: how are tehse teams so stacked
(14:46 / Allies) HumanKingTomVIP: thats like 80 food of good units each
(14:49 / Allies) HumanKingTomVIP: we had one guy mass worms
(14:54 / Allies) HumanKingTomVIP: and 2 jerk off into their own mouth
(15:00 / Allies) HumanKingTomVIP: look at this garbage
(15:26 / Allies) manhster101: ill give 200 woods for gold
(15:32 / Allies) HumanKingTomVIP: look you fuckign ass licker
(15:34 / Allies) HumanKingTomVIP: teh game is over
(15:36 / Allies) HumanKingTomVIP: oplease go play solo
(15:37 / Allies) HumanKingTomVIP: trash
(15:39 / Allies) funo: who cares were fycjed
(15:59 / Allies) funo: pink please calm down its a game ur really startin to piss me off
(16:08 / Allies) manhster101: kinda
(16:14 / Allies) manhster101: your right purp
(16:29 / Allies) HumanKingTomVIP: ur base is next dogfucker
(17:03 / Allies) HumanKingTomVIP: w/e i guess ill go down with u
(17:20 / Allies) HumanKingTomVIP: go taurens
(17:21 / Allies) HumanKingTomVIP: let him out
(17:22 / Allies) HumanKingTomVIP: noobelf
(17:31 / Allies) manhster101: Ill trade as many woods as you guys want
(18:23 / Allies) manhster101: any one wants woods?
(18:23 / Allies) HumanKingTomVIP: we have to take out a mian
(18:26 / Allies) HumanKingTomVIP: theyre probably rich
(18:27 / Allies) HumanKingTomVIP: by now
(18:42 / Allies) manhster101: i have to rebuild my troops
(18:44 / Allies) HumanKingTomVIP: i cant face thsoe hakws straighrt up
(20:58 / Allies) HumanKingTomVIP: run
(20:58 / Allies) HumanKingTomVIP: duyde
(21:01 / Allies) HumanKingTomVIP: we cant face that shit
(21:02 / Allies) HumanKingTomVIP: 2v3
(21:02 / Allies) HumanKingTomVIP: tp
(21:03 / Allies) HumanKingTomVIP: tp
(21:05 / Allies) HumanKingTomVIP: you ass licker
(21:05 / Allies) HumanKingTomVIP: tp
(21:08 / Allies) HumanKingTomVIP: you cretin
(21:08 / Allies) HumanKingTomVIP: scum
(22:02 / Allies) HumanKingTomVIP: meet up with the noobelf
(22:06 / Allies) HumanKingTomVIP: i cant face those hawks
(22:11 / Allies) manhster101: K
(23:29 / All) HumanKingTomVIP: this night elf is in fuckign lala land
(23:35 / Allies) manhster101: I NEed gold, and I could give so much
(23:38 / All) duskynight: still kicking our asses...
(23:48 / All) duskynight: stupid oj didnt even have fortress
(23:50 / All) Tizoad: oj didnt get anything
(23:58 / All) HumanKingTomVIP: i wouldnt attack him if i were you
(24:01 / All) HumanKingTomVIP: hes not leaving his crib
(24:06 / All) HumanKingTomVIP: hes gonna sit there and suck on his bottle
(24:08 / All) duskynight: lol we got nothing else
(24:11 / All) HumanKingTomVIP: anything you kill wouldnt have mattered
(24:31 / All) HumanKingTomVIP: i think his name is some portmanteau of man hamster
(24:33 / All) HumanKingTomVIP: hes a retard
(24:38 / All) HumanKingTomVIP: and mamkes the right units
(26:08 / All) HumanKingTomVIP: the orc just suid his army with no aa
(26:13 / All) HumanKingTomVIP: just so his bm cvould right click the arch mage
(26:35 / All) duskynight: fucking aa lol
(26:42 / All) duskynight: sneaky bastard
(27:45 / All) duskynight: lol shit
(28:40 / All) duskynight: gg pikn
(28:42 / All) duskynight: and only pink